Map: Ephemeron LE

Players

LyanGuerrero - Winner!

  • Race: Zerg Zerg
  • League: Platinum
  • Spawn Location: 5:00

pHARM

  • Race: Zerg Zerg
  • League: Platinum
  • Spawn Location: 11:00

VOD

Have the link to the VOD?

Description

Time

  • Played on: Aug. 24, 2019, 8:53 p.m.
  • Length: 6:09
Show
View Real Time Build Order
Export as new Build Order

LyanGuerrero Zerg - Winner!

Build Orders: Hatch First, Zergling Baneling 

Get SALT Encoding   

  12  0:01  Drone  
  13  0:13  Overlord  
  13  0:17  Drone  
  14  0:32  Drone x2  
  16  0:35  Drone  
  17  0:46  Drone  
  18  0:57  Hatchery  
  18  0:59  Drone  
  18  1:03  Extractor  
  17  1:15  Spawning Pool  
  17  1:16  Drone  
  17  1:19  Drone  
  18  1:28  Drone  
  19  1:39  Drone  
  20  1:50  Drone  
  21  1:55  Extractor  
  20  2:02  Overlord  
  20  2:06  Metabolic Boost  
  20  2:07  Queen  
  22  2:10  Zergling x2  
  22  2:11  Queen  
  22  2:14  Drone  
  26  2:20  Drone  
  26  2:22  Drone  
  28  2:30  Drone  
  28  2:33  Drone  
  30  2:42  Drone  
  30  2:44  Drone  
  32  2:54  Drone  
  32  2:55  Overlord  
  33  2:59  Lair  
  33  3:02  Baneling Nest  
  33  3:03  Drone  
  33  3:05  Overlord  
  33  3:21  Zergling x2  
  33  3:22  Zergling x12  
  33  3:23  Zergling x2  
  41  3:31  Overlord  
  41  3:32  Zergling x2  
  42  3:48  Zergling x4  
  44  3:56  Zergling x12  
  44  4:01  Baneling x7  
  44  4:02  Baneling x6  
  50  4:03  Baneling  
  50  4:07  Zergling x2  
  50  4:09  Zergling x2  
  52  4:13  Zergling x2  
  53  4:26  Zergling x4  
  53  4:27  Zergling x10  
  51  4:55  Zergling x10  
  51  4:56  Zergling x4  
  51  4:57  Zergling x8  
  53  5:07  Zergling x2  
  52  5:23  Zergling x8  
  51  5:37  Baneling  
  51  5:38  Baneling x4  
  51  5:39  Baneling x3  
  51  5:45  Zergling x8  
Show
View Real Time Build Order
Export as new Build Order

pHARM Zerg 

Build Orders: Hatch First 

Get SALT Encoding   

  12  0:01  Drone  
  13  0:14  Overlord  
  13  0:17  Drone  
  14  0:33  Drone x2  
  16  0:37  Drone  
  17  0:54  Hatchery  
  16  1:01  Drone x2  
  18  1:10  Drone  
  19  1:24  Spawning Pool  
  18  1:26  Drone  
  18  1:32  Drone  
  20  1:44  Drone  
  21  1:49  Extractor  
  20  2:06  Overlord  
  20  2:11  Queen x2  
  20  2:13  Drone x2  
  26  2:23  Drone  
  26  2:24  Drone  
  26  2:29  Drone x2  
  30  2:36  Drone  
  31  2:41  Overlord  
  31  2:51  Lair  
  31  2:52  Queen  
  31  2:54  Drone x2  
  35  3:11  Drone x2  
  35  3:12  Drone x2  
  39  3:30  Evolution Chamber  
  39  3:33  Overlord  
  39  3:34  Overlord, Drone  
  38  3:35  Drone x5  
  38  3:39  Extractor  
  38  3:40  Extractor  
  42  3:49  Baneling Nest  
  42  3:51  Roach Warren  
  40  4:03  Queen x2  
  40  4:07  Drone x4  
  48  4:21  Spine Crawler  
  47  4:32  Roach x3  
  47  4:33  Roach x3  
  59  4:46  Roach  
  59  4:56  Zergling x2  
  59  4:57  Zergling x4  
  54  5:03  Queen x2  
  54  5:04  Zergling x2  
  54  5:05  Zergling x4  
  49  5:16  Zergling x2  
  49  5:17  Zergling x8  
  50  5:35  Zergling x2  
  50  5:36  Zergling x6  
  54  5:44  Spine Crawler  
  54  5:47  Zergling x2  
  54  5:48  Zergling x2  
  55  5:53  Spine Crawler  
Tags
 
Matchup
ZvZ
Race
Zerg
Replay Pack
10.7.19
Spawn Locations
Cross Positions
Add a new tag
Caveats
  • Supply blocks, unpowered buildings, or Contaminate may cause inaccurate times.
  • Supply counts are checked every 10 seconds.